 Dungeon Crawl Stone Soup version 0.15.2 (webtiles) character file.

148954 4tharraofdagon the End of an Era (level 17, -23/156 HPs)
             Began as a Hill Orc Artificer on Jan 27, 2015.
             Was the Champion of Qazlal.
             Shot with an arrow by a deep elf master archer (45 damage)
             ... on Level 3 of the Elven Halls on Jan 28, 2015.
             The game lasted 02:49:41 (20422 turns).

4tharraofdagon the End of an Era (HOAr)            Turns: 20422, Time: 02:49:41

HP -23/156       AC 16     Str 21      XL: 17   Next: 50%
MP  25/32        EV 12     Int 20      God: Qazlal [******]
Gold 675         SH  8     Dex 11      Spells:  1 memorised, 13 levels left

rFire  + . .     SeeInvis +     u - +4 battleaxe (vamp)
rCold  + + .     Clarity  +     R - +3 troll leather armour
rNeg   + . .     rCorr    +     (no shield)
rPois  +         rRot     .     x - +2 helmet {SInv}
rElec  +         Spirit   .     B - +1 cloak {+Inv}
SustAb .         Warding  +     (no gloves)
rMut   .         Stasis   .     z - +0 pair of boots {+Jump}
Gourm  .                        i - amulet of warding
MR     +....                    W - ring of Fruorac {rC+ Str+2 Int+3 Stlth+}
                                F - +3 ring of slaying

@: mighty, resistant, repel missiles, drained, somewhat resistant to hostile
enchantments, very unstealthy
A: clarity, low mp 1, electricity resistance, slow healing 1, weak 1
a: Upheaval, Elemental Force, Disaster Area, Renounce Religion, Evoke
Invisibility, Evoke Jump Attack


You were on level 3 of the Elven Halls.
You worshipped Qazlal.
Qazlal was exalted by your worship.
You were not hungry.

You visited 6 branches of the dungeon, and saw 32 of its levels.
You visited the Abyss 1 time.
You also visited: Sewer and Ice Cave.

You collected 3161 gold pieces.
You spent 2486 gold pieces at shops.

Inventory:

Hand weapons
 u - a +4 vampiric battleaxe (weapon)
 y - a +0 blowgun
 C - the +6 battleaxe "Newtbane" {chop, rF+ MR+ Str+3}
   (You found it on level 8 of the Dungeon)

   It inflicts extra damage upon your enemies.
   It affects your strength (+3).
   It protects you from fire.
   It affects your resistance to hostile enchantments.
 X - a +5 antimagic war axe
Missiles
 v - 15 curare-tipped needles
Armour
 x - a +2 helmet of see invisible (worn)
 z - a +0 pair of boots of jumping (worn)
 B - a +1 cloak of darkness (worn)
 R - a +3 troll leather armour (worn)
Magical devices
 c - a wand of enslavement (12)
 e - a wand of disintegration (9)
 h - a wand of paralysis (5)
 l - a wand of teleportation (7)
 A - a wand of digging (7)
 Z - a wand of teleportation (4)
Comestibles
 f - 20 meat rations
 j - 7 slices of pizza
 n - 11 beef jerkies
 s - 11 bread rations
 E - 7 fruits
 K - 5 royal jellies
Scrolls
 D - 3 scrolls of recharging
 H - 2 scrolls of fear
 I - a scroll of identify
 J - a scroll of silence
 L - a scroll of teleportation
 M - 5 scrolls of fog
 O - 9 scrolls of remove curse
 Q - a scroll of blinking
 S - 3 scrolls of noise
 T - a scroll of magic mapping
Jewellery
 b - an uncursed ring of protection from magic
 i - an amulet of warding (around neck)
 p - an uncursed ring of flight
 w - an uncursed ring of sustain abilities
 F - a +3 ring of slaying (left hand)
 N - the ring "Kerig" {Wiz Str+3 Int+2}
   (You bought it in a shop on level 4 of the Orcish Mines)

   [ring of wizardry]

   It improves your spell success rate.
   It affects your strength (+3).
   It affects your intelligence (+2).
 U - an uncursed amulet of rage
 W - the ring of Fruorac (right hand) {rC+ Str+2 Int+3 Stlth+}
   (You bought it in a shop on level 4 of the Orcish Mines)

   [ring of protection from cold]

   It affects your strength (+2).
   It affects your intelligence (+3).
   It protects you from cold.
   It makes you more stealthy.
Potions
 a - 2 potions of beneficial mutation
 d - 2 potions of lignification
 g - a potion of heal wounds
 k - 6 potions of restore abilities
 m - 4 potions of cancellation
 o - 2 potions of porridge
 q - 3 potions of brilliance
 r - 6 potions of agility
 t - 3 potions of magic
 G - 7 potions of curing
 P - 2 potions of resistance
 V - a potion of might
 Y - a potion of berserk rage


   Skills:
 + Level 15.2(14.0) Fighting
   Level 1.0(0.1) Short Blades
 * Level 19.8(18.4) Axes
   Level 6.4(5.4) Staves
 + Level 13.7(12.5) Armour
 - Level 4.1(3.1) Dodging
 - Level 0.7(0.0) Stealth
 * Level 20.6(19.3) Invocations
 - Level 3.0(2.1) Evocations


You had 13 spell levels left.
You knew the following spells:

 Your Spells              Type           Power        Failure   Level  Hunger
b - Conjure Flame         Conj/Fire      #.......     61%         3    ####...


Dungeon Overview and Level Annotations

Branches:
Dungeon (15/15) Temple (1/1) D:5 Orc (4/4) D:9 Elf (3/3) Orc:3 Lair (8/8) D:11 Shoals (0/5) Lair:3 Lair:5 Snake (0/5) Lair:5 Slime (0/6) Lair:7 Vaults (0/5) D:14 Depths (1/5) D:15

Altars:
Ashenzari
Cheibriados
Dithmenos
Elyvilon
Fedhas
Kikubaaqudgha
Makhleb
Nemelex Xobeh
Okawaru
Qazlal
Sif Muna
Trog
Vehumet
Xom
Yredelemnul
Zin
The Shining One
Jiyva

Shops:
D:4 ?   D:6 *   D:11 *   Orc:1 :   Orc:2 !   Orc:4 =?=[(

Annotations:
D:3 Grinder, Terence
D:10 exclusion: upstairs
D:12 exclusions: downstairs and upstairs
Elf:3 Zrachosh's ghost, mighty DrCj
Lair:4 exclusion: oklob plant


Innate Abilities, Weirdness & Mutations

You possess an exceptional clarity of mind.
Your magical capacity is low (-10% MP).
You are resistant to electric shocks.
You heal slowly when monsters are visible.
You are weak. (Str -2)


Message History

Found an arrow.
Unknown command.
Use which ability? (? or * to list) Nature churns violently around you!
The blast of ice hits the deep elf death mage.
The deep elf death mage is severely wounded.
The deep elf death mage is flash-frozen.
The blast of ice hits the deep elf death mage.
You kill the deep elf death mage!
Qazlal accepts your kill.
The cutting wind hits the fungus.
The fungus is moderately damaged.
The cutting wind hits the deep elf master archer.
The deep elf master archer is lightly wounded.
The cutting wind hits the deep elf knight.
You kill the deep elf knight!
Qazlal accepts your kill.
The deep elf master archer shoots an arrow.
The arrow hits you!!!
You die...

**,,,,,,,,,,,**,,,*
,**,,,,,,,,,.###+,*
,,**,,,,,,,..§.P*,*
,,,**,,,,,..).§§***
,,,,**,,,e...§§§*
,,,,,,,,,.⌠...§§##
,,,,,,,,,....§§.§##
,,,,,,,,.§§§§.....#
,,,,,,,,.§§..§.§@.#
,,,,,,,,§§§e§..§..#
,,,,,,,,,..#..§§§§#
**,,,,,,,...#§§§.§#
**,,,,,,,..#e#....#
,,,,,,,,,,..####..#
,,,,**,**,,.,,*##)#
,,****,****,,,,,*.#
*** *,* ***,,,,e*


You could see a deep elf blademaster, a deep elf master archer, a deep elf death
mage and a deep elf demonologist.

Vanquished Creatures
  A deep elf master archer (Elf:3)
  A tentacled starspawn (Abyss:1)
  Kirke (D:14)
  An emperor scorpion (shapeshifter) (D:15)
  Maud (D:14)
  A deep elf sorcerer (Elf:3)
  2 frost giants
  Gastronok (Orc:1)
  A very ugly thing (D:14)
  2 deep elf demonologists (Elf:3)
  2 deep elf annihilators (Elf:3)
  4 vault guards
  Josephine (D:13)
  3 deep elf death magi (Elf:3)
  4 rakshasas
  3 hydras
  2 deep elf high priests (Elf:3)
  Harold (D:14)
  Erica (D:11)
  16 death yaks (Lair:8)
  3 centaur warriors (D:14)
  2 deep troll earth magi
  3 tengu warriors
  4 ogre magi (Orc:4)
  3 catoblepae (Lair:8)
  Urug (D:11)
  Nergalle (D:13)
  5 deep elf knights
  A giant orange brain (D:15)
  A skeletal warrior (D:14)
  A flayed ghost (D:9)
  6 deep elf summoners
  2 large abominations
  A sea snake (Lair:5)
  4 hill giants
  An ice statue (IceCv)
  An unseen horror (D:10)
  An orc knight (Orc:4)
  Pikel (D:9)
  An orc sorcerer (Orc:3)
  A wizard (D:9)
  7 deep elf conjurers
  3 griffons
  A lindwurm (D:14)
  A mana viper (shapeshifter) (D:13)
  15 ugly things
  3 manticores (D:14)
  9 elephants
  An elephant (shapeshifter) (D:14)
  5 cyclopes
  A mermaid (Lair:3)
  A gargoyle (D:13)
  A queen ant (D:12)
  6 black mambas
  2 yaktaur zombies (D:14)
  3 spiny frogs
  A centaur skeleton (D:13)
  5 komodo dragons
  2 kobold demonologists (D:14)
  An efreet (D:15)
  A tengu conjurer (D:13)
  5 trolls
  4 deep elf priests
  A fire drake (Lair:5)
  A hellwing (D:14)
  A jumping spider (D:15)
  A polar bear (shapeshifter) (D:14)
  Sonja (D:13)
  2 boulder beetles
  16 polar bears (IceCv)
  4 ravens
  16 blink frogs
  A spriggan (Lair:8)
  9 slime creatures
  11 two-headed ogres (Orc:4)
  2 centaur simulacra (D:13)
  A raven (shapeshifter) (D:15)
  A catoblepas skeleton (D:12)
  2 trapdoor spiders (shapeshifter)
  A ynoxinul (Abyss:1)
  3 basilisks
  A basilisk (shapeshifter) (D:15)
  4 redbacks
  A trapdoor spider (D:15)
  23 deep elf magi
  A redback (shapeshifter) (D:15)
  2 shadows
  4 hogs
  Eustachio (D:4)
  A wraith (D:14)
  4 hungry ghosts
  42 yaks
  2 fire elementals
  Grum (D:13)
  A golden eye (shapeshifter) (D:15)
  4 wyverns
  A steam dragon (D:9)
  21 deep elf fighters
  11 vampire mosquitoes
  44 wolves
  9 hippogriffs
  An elf skeleton (D:14)
  Edmund (Orc:1)
  A hill giant skeleton (D:10)
  2 mottled dragons
  2 wargs
  A soldier ant (shapeshifter) (D:11)
  3 nagas (Lair:5)
  A neqoxec (Abyss:1)
  2 small abominations (Abyss:1)
  5 soldier ants (D:12)
  4 sky beasts
  A slave (D:9)
  2 black bears
  11 water moccasins
  A black bear (shapeshifter) (D:15)
  A yellow wasp (D:9)
  23 orc warriors
  30 centaurs
  7 porcupines
  A spider (D:9)
  2 necrophages
  A manticore zombie (D:14)
  2 phantoms
  25 ogres
  3 ice beasts
  18 crocodiles
  2 big kobolds
  A boring beetle (D:10)
  A brain worm (D:9)
  Blork the orc (D:5)
  18 giant frogs
  A cyclops zombie (D:15)
  A yaktaur skeleton (D:13)
  3 eyes of draining
  9 jellies
  2 scorpions
  A cyclops skeleton (D:13)
  13 killer bees
  A yak skeleton (D:10)
  8 wights
  An electric eel (Lair:2)
  3 troll skeletons
  3 goliath beetles
  10 crimson imps
  12 hounds
  A kobold zombie (D:11)
  27 orc wizards
  22 orc priests
  A gnoll shaman (D:8)
  Crazy Yiuf (D:3)
  An elf zombie (D:10)
  A giant frog skeleton (D:12)
  10 iguanas
  A cyclops simulacrum (D:15)
  3 orange rats
  30 worker ants
  27 sheep
  Ijyb (D:6)
  The ghost of Turgon the Ducker, a weakling DsGl (D:3)
  An ogre skeleton (D:6)
  A mummy (D:14)
  A hound skeleton (D:6)
  34 adders
  16 green rats
  9 gnolls
  3 shadow imps
  3 white imps
  12 giant mites
  2 worms
  4 ufetubi
  2 adder skeletons
  4 orc zombies
  2 adder zombies (D:9)
  10 giant geckos
  7 oozes (Sewer)
  184 orcs
  9 ball pythons
  A bat skeleton (D:7)
  11 giant cockroaches
  19 hobgoblins
  12 jackals
  6 quokkas
  9 bats
  12 giant newts
  2 giant spores
  20 goblins
  17 kobolds
  2 kobold skeletons
  A quokka zombie (D:10)
  7 rats
  A rat skeleton (D:6)
  A rat zombie (D:6)
  9 ballistomycetes
  A bush (Lair:6)
  A crawling corpse (Elf:3)
  46 fungi
  23 plants
1297 creatures vanquished.

Vanquished Creatures (collateral kills)
  Jorgrun (Elf:2)
  The ghost of Heini the Bludgeoner, a powerful MiFi of Okawaru (Lair:5)
  3 hydras
  A spiny frog (Lair:7)
  A water elemental (Lair:7)
  An ice beast (Elf:3)
  A centaur (Lair:5)
9 creatures vanquished.

Vanquished Creatures (others)
  A deep elf high priest (Elf:1)
  A centaur warrior (D:15)
  A centaur skeleton (D:14)
  3 air elementals
  A water elemental (Elf:3)
  5 fire elementals
  An ogre (Orc:4)
  3 earth elementals
  A tengu skeleton (D:15)
  An orc wizard (D:11)
  A hound zombie (D:6)
  An orc zombie (D:7)
  A giant spore (D:10)
  A fungus (Lair:4)
  12 plants
  2 starspawn tentacles (Abyss:1)
36 creatures vanquished.

Grand Total: 1342 creatures vanquished

Notes
Turn   | Place    | Note
--------------------------------------------------------------
     0 | D:1      | 4tharraofdagon, the Hill Orc Artificer, began the quest for the Orb.
     0 | D:1      | Reached XP level 1. HP: 16/16 MP: 1/1
    99 | D:1      | Reached skill level 1 in Armour
    99 | D:1      | Reached XP level 2. HP: 12/24 MP: 3/3
   345 | D:2      | Reached XP level 3. HP: 22/30 MP: 4/4
   392 | D:2      | Found a basalt altar of Yredelemnul.
   901 | D:2      | Reached XP level 4. HP: 35/38 MP: 6/6
  1090 | D:3      | Noticed Terence
  1102 | D:3      | Noticed Turgon's ghost (weakling DsGl)
  1112 | D:3      | Killed Turgon's ghost
  1236 | D:3      | Noticed Crazy Yiuf
  1239 | D:3      | Killed Crazy Yiuf
  1239 | D:3      | Reached skill level 4 in Fighting
  1239 | D:3      | Reached XP level 5. HP: 46/46 MP: 7/7
  1462 | D:3      | Noticed Grinder
  1471 | D:3      | Paralysed by something for 2 turns
  1842 | D:4      | Reached skill level 1 in Staves
  1862 | D:4      | Noticed Eustachio
  1874 | D:4      | Killed Eustachio
  1874 | D:4      | Reached skill level 5 in Fighting
  1874 | D:4      | Reached XP level 6. HP: 54/56 MP: 9/9
  1933 | D:4      | Reached XP level 7. HP: 26/61 MP: 10/10
  2305 | D:4      | Found Utafradu's Magic Scroll Emporium.
  2308 | D:4      | Bought a scroll of teleportation for 30 gold pieces
  2308 | D:4      | Bought a scroll of identify for 20 gold pieces
  2308 | D:4      | Bought a scroll of fog for 20 gold pieces
  2308 | D:4      | Bought a scroll of enchant armour for 75 gold pieces
  2308 | D:4      | Bought a scroll of remove curse for 30 gold pieces
  2308 | D:4      | Bought a scroll of identify for 20 gold pieces
  2413 | D:5      | Entered Level 5 of the Dungeon
  2426 | D:5      | Found a staircase to the Ecumenical Temple.
  2438 | Temple   | Entered the Ecumenical Temple
  2474 | Temple   | Became a worshipper of Qazlal Stormbringer
  2557 | D:5      | Noticed Blork the orc
  2569 | D:5      | Killed Blork the orc
  2569 | D:5      | Reached skill level 1 in Invocations
  3035 | D:6      | Found Epemuecacs' Assorted Antiques.
  3067 | D:6      | Bought a murky blue potion for 20 gold pieces
  3094 | D:6      | Reached XP level 8. HP: 47/70 MP: 12/12
  3169 | D:6      | Reached skill level 6 in Fighting
  3193 | D:6      | Found a glowing drain.
  3203 | Sewer    | Entered a sewer
  3262 | Sewer    | Acquired Qazlal's first power
  3472 | Sewer    | Acquired Qazlal's second power
  3544 | Sewer    | Reached skill level 5 in Armour
  3595 | D:6      | Reached skill level 5 in Staves
  3675 | D:6      | Reached skill level 5 in Invocations
  3786 | D:6      | Noticed Ijyb
  3794 | D:6      | Killed Ijyb
  4092 | D:6      | Reached XP level 9. HP: 39/78 MP: 16/18
  4293 | D:7      | Reached skill level 7 in Fighting
  4521 | D:7      | Found a bloodstained altar of Trog.
  4883 | D:8      | Reached skill level 1 in Axes
  5145 | D:8      | Acquired Qazlal's third power
  5277 | D:8      | Got a fine battleaxe
  5278 | D:8      | Identified the +6 battleaxe "Newtbane" {chop, rF+ MR+ Str+3} (You found it on level 8 of the Dungeon)
  5380 | D:9      | Reached skill level 8 in Invocations
  5404 | D:10     | Entered Level 10 of the Dungeon
  5412 | D:10     | Reached XP level 10. HP: 79/88 MP: 22/22
  5496 | D:10     | Reached skill level 5 in Axes
  5496 | D:10     | Reached skill level 9 in Invocations
  5700 | D:10     | Killed an unseen horror
  5730 | D:10     | Learned a level 2 spell: Repel Missiles
  5734 | D:10     | Learned a level 3 spell: Conjure Flame
  6099 | D:9      | Reached skill level 10 in Invocations
  6135 | D:9      | Noticed a wizard
  6137 | D:9      | Killed a wizard
  6164 | D:9      | Acquired Qazlal's fourth power
  6190 | D:9      | Reached XP level 11. HP: 46/97 MP: 25/25
  6324 | D:9      | Noticed a komodo dragon
  6336 | D:9      | Reached skill level 11 in Invocations
  6336 | D:9      | Killed a komodo dragon
  6434 | D:9      | Noticed Pikel
  6439 | D:9      | Killed Pikel
  6490 | D:9      | Noticed a flayed ghost
  6491 | D:9      | Found an iron altar of Okawaru.
  6499 | D:9      | Killed a flayed ghost
  6504 | D:9      | Found a basalt altar of Yredelemnul.
  6532 | D:9      | Noticed a hill giant
  6538 | D:9      | Killed a hill giant
  6797 | D:9      | Reached skill level 12 in Invocations
  6950 | D:9      | Reached skill level 10 in Axes
  6959 | D:9      | Found a staircase to the Orcish Mines.
  7359 | D:11     | Noticed a seven-headed hydra
  7492 | D:11     | Reached skill level 10 in Fighting
  7533 | D:11     | Found Oloap's General Store.
  7561 | D:11     | Bought a potion of heal wounds for 42 gold pieces
  7561 | D:11     | Bought a potion of curing for 28 gold pieces
  7561 | D:11     | Bought a scroll of teleportation for 42 gold pieces
  7561 | D:11     | Bought a cursed amulet of inaccuracy for 28 gold pieces
  7561 | D:11     | Bought a scroll of enchant armour for 105 gold pieces
  7604 | D:11     | Reached XP level 12. HP: 103/106 MP: 28/28
  7677 | D:11     | Noticed Urug
  7689 | D:11     | Killed Urug
  7745 | D:11     | Noticed a deep troll earth mage
  7747 | D:11     | Noticed a frost giant
  7750 | D:11     | Noticed Erica
  7750 | D:11     | Killed a deep troll earth mage
  7750 | D:11     | Reached skill level 13 in Invocations
  7753 | D:11     | Killed a frost giant
  7758 | D:11     | Killed Erica
  7782 | D:11     | Identified a scroll of acquirement
  8045 | D:11     | Found a staircase to the Lair.
  8426 | D:12     | Acquired Qazlal's fifth power
  8687 | D:12     | HP: 4/108 [poisoned by a queen ant]
  8814 | D:12     | Gained mutation: You heal slowly when monsters are visible. [potion of mutation]
  8814 | D:12     | Gained mutation: You are weak. (Str -2) [potion of mutation]
  8814 | D:12     | Gained mutation: You are resistant to electric shocks. [potion of mutation]
  8825 | D:13     | Noticed Sonja
  8835 | D:13     | Noticed Josephine
  8837 | D:13     | Noticed Nergalle
  8921 | D:11     | Killed an eight-headed hydra
  8921 | D:11     | Reached skill level 14 in Invocations
  8974 | Lair:1   | Entered Level 1 of the Lair of Beasts
  9249 | Lair:1   | Got a slimy mace
  9377 | Lair:1   | Reached XP level 13. HP: 35/116 MP: 29/29
 10118 | Lair:3   | Reached skill level 10 in Armour
 10215 | Lair:3   | Found a staircase to the Shoals.
 10491 | Lair:4   | Reached skill level 15 in Invocations
 10595 | Lair:4   | Identified the cursed +8 mace of Havoc {crush, Str+2 Int+4 Curse} (You found it on level 1 of the Lair of Beasts)
 10819 | Lair:5   | Noticed Heini's ghost (powerful MiFi)
 10824 | Lair:5   | http://crawl.lantea.net/crawl/morgue/Heini/morgue-Heini-20150125-113123.txt
 10832 | Lair:5   | Killed Heini's ghost
 10837 | Lair:5   | Found a staircase to the Shoals.
 10941 | Lair:5   | Found a staircase to the Snake Pit.
 11286 | Lair:6   | Reached XP level 14. HP: 91/125 MP: 32/32
 11522 | Lair:7   | Found a staircase to the Slime Pits.
 11522 | Lair:7   | Found a viscous altar of Jiyva.
 11548 | Lair:7   | Reached skill level 16 in Invocations
 11707 | Lair:7   | Found a frozen archway.
 11727 | IceCv    | Entered an ice cave
 11774 | IceCv    | Reached skill level 15 in Axes
 11890 | IceCv    | Noticed a frost giant
 11907 | IceCv    | Killed a frost giant
 12467 | Lair:7   | Got a faintly humming ring mail
 12519 | Lair:8   | Entered Level 8 of the Lair of Beasts
 12574 | Lair:8   | Identified the +5 ring mail "Smimmigi" {Dex+3 Int+4} (You found it on level 7 of the Lair of Beasts)
 12700 | Lair:8   | Reached skill level 17 in Invocations
 13062 | Lair:8   | Reached XP level 15. HP: 98/134 MP: 33/33
 13737 | Orc:1    | Entered Level 1 of the Orcish Mines
 13956 | Orc:2    | Found Olaede's Distillery.
 14075 | Orc:1    | Noticed Edmund
 14075 | Orc:1    | Noticed Gastronok
 14078 | Orc:1    | Killed Edmund
 14092 | Orc:1    | Killed Gastronok
 14125 | Orc:1    | Found Pluugg's Book Shoppe.
 14303 | Orc:2    | Bought a potion of heal wounds for 48 gold pieces
 14303 | Orc:2    | Bought a potion of curing for 32 gold pieces
 14303 | Orc:2    | Bought a potion of curing for 32 gold pieces
 14303 | Orc:2    | Bought a potion of might for 40 gold pieces
 14303 | Orc:2    | Bought a potion of agility for 40 gold pieces
 14303 | Orc:2    | Bought a potion of heal wounds for 48 gold pieces
 14303 | Orc:2    | Bought a potion of restore abilities for 48 gold pieces
 14303 | Orc:2    | Bought a potion of restore abilities for 48 gold pieces
 14581 | Orc:3    | Found a staircase to the Elven Halls.
 14957 | Orc:4    | Entered Level 4 of the Orcish Mines
 14984 | Orc:4    | Found Sheill's Weapon Boutique.
 15062 | Orc:4    | Bought 4 curare-tipped needles for 33 gold pieces
 15186 | Orc:4    | Reached skill level 18 in Invocations
 15267 | Orc:4    | Found Saaquq's Antique Armour Emporium.
 15267 | Orc:4    | Found Emaotz's Magic Scroll Boutique.
 15267 | Orc:4    | Found Veitetoi's Jewellery Boutique.
 15267 | Orc:4    | Found Aluaq's Jewellery Shoppe.
 15284 | Orc:4    | Bought a scroll of magic mapping for 59 gold pieces
 15284 | Orc:4    | Bought a scroll of magic mapping for 59 gold pieces
 15284 | Orc:4    | Bought a scroll of blinking for 127 gold pieces
 15288 | Orc:4    | Bought an embroidered cloak for 117 gold pieces
 15303 | Orc:4    | Bought the ring of Fruorac {rC+ Str+2 Int+3 Stlth+} for 498 gold pieces
 15303 | Orc:4    | Bought the ring "Kerig" {Wiz Str+3 Int+2} for 522 gold pieces
 15309 | Orc:4    | Bought an uncursed ring of protection from magic for 275 gold pieces
 15735 | D:13     | Killed Josephine
 15804 | D:13     | Noticed a rakshasa
 15815 | D:13     | Killed Sonja
 15846 | D:13     | Killed a rakshasa
 15874 | D:13     | Killed Nergalle
 16010 | D:13     | Noticed Grum
 16020 | D:13     | Killed Grum
 16028 | D:13     | Noticed an eight-headed hydra
 16158 | D:13     | Killed a nine-headed hydra
 16274 | D:13     | Noticed a tengu warrior
 16278 | D:13     | Killed a tengu warrior
 16432 | D:14     | Reached XP level 16. HP: 63/145 MP: 35/35
 16822 | D:14     | Noticed Kirke
 16911 | D:14     | Killed Kirke
 16911 | D:14     | Reached skill level 19 in Invocations
 16946 | D:14     | Found a gate to the Vaults.
 17076 | D:14     | Noticed Harold
 17248 | D:14     | Killed Harold
 17548 | D:15     | Entered Level 15 of the Dungeon
 17574 | D:14     | Noticed Maud
 17586 | D:14     | Killed Maud
 18510 | D:15     | Found a staircase to the Depths.
 18555 | D:15     | Gained mutation: You possess an exceptional clarity of mind. [mutagenic meat]
 18670 | Depths:1 | Entered Level 1 of the Depths
 18943 | Elf:1    | Entered Level 1 of the Elven Halls
 19033 | Elf:1    | Reached skill level 20 in Invocations
 19307 | Elf:1    | Got an encrusted morningstar
 19469 | Elf:2    | Identified the +6 morningstar "Mnac" {crush, rC++ Str+2 Dex+3 Stlth-} (You found it on level 1 of the Elven Halls)
 19598 | Elf:2    | Reached XP level 17. HP: 154/154 MP: 36/36
 19728 | Elf:2    | Noticed Jorgrun
 19742 | Elf:2    | Killed Jorgrun
 19898 | Elf:3    | Entered Level 3 of the Elven Halls
 20051 | Elf:3    | Noticed Zrachosh's ghost (mighty DrCj)
 20078 | Elf:3    | HP: 1/154 [Zrachosh's ghost/orb of energy (40)]
 20117 | Elf:3    | Cast into the Abyss (deep elf sorcerer)
 20118 | Abyss:1  | Found a corrupted altar of Lugonu.
 20215 | Abyss:1  | Noticed a Hell Sentinel
 20277 | Abyss:1  | Reached skill level 15 in Fighting
 20278 | Abyss:1  | Gained mutation: Your magical capacity is low (-10% MP). [a neqoxec]
 20343 | Elf:3    | Escaped the Abyss
 20360 | Elf:3    | Noticed a deep elf master archer
 20374 | Elf:3    | Killed a deep elf master archer
 20421 | Elf:3    | Noticed a deep elf master archer
 20422 | Elf:3    | Shot with an arrow by a deep elf master archer

Action                   |  1- 3 |  4- 6 |  7- 9 | 10-12 | 13-15 | 16-18 || total
-------------------------+-------+-------+-------+-------+-------+-------++-------
Melee: Short sword       |   143 |       |       |       |       |       ||   143
       Dagger            |    19 |    32 |       |       |       |       ||    51
       Quarterstaff      |       |    60 |   352 |       |       |       ||   412
       Battleaxe         |       |       |    66 |   442 |   963 |   637 ||  2108
 Cast: Conjure Flame     |       |       |       |       |       |     1 ||     1
Invok: Upheaval          |       |       |     2 |    10 |    14 |    11 ||    37
       Elemental Force   |       |       |       |       |     4 |     5 ||     9
       Disaster Area     |       |       |       |       |       |     1 ||     1
 Abil: Evoke Invisibilit |     1 |       |       |       |       |       ||     1
       Evoke Berserk Rag |       |       |     8 |    15 |     5 |     6 ||    34
Evoke: Wand              |     3 |    22 |     3 |     4 |     4 |     5 ||    41
  Use: Potion            |       |     2 |     3 |     8 |       |     9 ||    22
       Scroll            |       |       |     5 |    16 |    17 |    16 ||    54
 Stab: Invisible         |     2 |       |       |       |       |       ||     2
       Paralysed         |       |     2 |     3 |       |       |       ||     5
  Eat: Chunk             |       |     4 |    20 |    23 |    34 |    16 ||    97
       Fruit             |       |       |       |     5 |       |     9 ||    14
       Meat ration       |       |       |       |       |       |     1 ||     1
       Royal jelly       |       |       |       |       |       |     2 ||     2
